 Dungeon Crawl Stone Soup version 0.31-a0-358-gac0dbeb3ab (webtiles) character file.

Game seed: 15414292582025772273

439 hashsling the Magician (level 6, 0/35 HPs)
             Began as a Deep Elf Hedge Wizard on July 25, 2023.
             Slain by a hobgoblin (4 damage)
             ... on level 4 of the Dungeon.
             The game lasted 00:18:36 (3663 turns).

hashsling the Magician (Deep Elf Hedge Wizard)      Turns: 3663, Time: 00:18:37

Health: 0/35       AC:  4    Str:  7    XL:     6   Next: 70%
Magic:  10/15      EV: 12    Int: 21    God:
Gold:   270        SH:  0    Dex: 14    Spells: 9/15 levels left

rFire   . . .        p - +0 quarterstaff
rCold   + . .        (shield currently unavailable)
rNeg    + . .        i - +2 robe {rN+}
rPois   .            c - +0 hat
rElec   .            (no cloak)
rCorr   .            (no gloves)
SInv    .            (no boots)
Will    .....        b - amulet of faith
Stlth   ++           r - ring of Avaum {Wiz rC+}
HPRegen 0.25/turn    (no ring)
MPRegen 0.14/turn

%: faith, wizardry (x1)
@: on blink cooldown
A: no striking features
a: no special abilities


You were on level 4 of the Dungeon.
You visited 1 branch of the dungeon, and saw 4 of its levels.

You collected 270 gold pieces.

Inventory:

Hand Weapons
 p - a +0 quarterstaff (weapon)
Missiles
 j - 3 javelins
 n - 3 datura-tipped darts
 o - 13 poisoned darts
Armour
 c - a +0 hat (worn)
 i - a +2 robe of positive energy (worn)
Jewellery
 b - an amulet of faith (around neck)
 r - the ring of Avaum (left hand) {Wiz rC+}
   (You found it on level 3 of the Dungeon)

   [ring of wizardry]

   It improves your spell success rate.
   rC:        It protects you from cold.
Scrolls
 a - a scroll of immolation {unknown}
 e - 2 scrolls of identify {unknown}
 h - 2 scrolls of fog {unknown}
 l - a scroll of fear {unknown}
 m - 2 scrolls of teleportation {unknown}
 s - a scroll of noise {unknown}
 x - a scroll of brand weapon {unknown}
Potions
 f - a potion of ambrosia {unknown}
 g - a potion of attraction {unknown}
 k - 3 potions of might {unknown}
 q - a potion of haste {unknown}
 t - a potion of curing {unknown}
 u - a potion of mutation {unknown}
 v - a potion of lignification {unknown}
 w - 2 potions of enlightenment {unknown}


   Skills:
 - Level 2.1 Fighting
 - Level 4.0 Staves
 - Level 2.4 Dodging
 - Level 2.4 Stealth
 - Level 5.0 Spellcasting
 * Level 4.1 Conjurations
 - Level 1.0 Hexes
 + Level 1.7 Summonings
 + Level 1.7 Translocations


You had 9 spell levels left.
You knew the following spells:

 Your Spells              Type           Power      Damage    Failure   Level
a - Magic Dart            Conj           88%        1d7       1%          1
b - Slow                  Hex            36%        N/A       2%          1
c - Blink                 Tloc           24%        N/A       3%          2
d - Call Imp              Summ           24%        N/A       3%          2

Your spell library contained the following spells:

 Spells                   Type           Power      Damage    Failure   Level
 Cigotuvi's Dreadful Rot  Necr/Pois/Air  10%        N/A       6%          2
 Mephitic Cloud           Conj/Pois/Air  10%        N/A       8%          3


Dungeon Overview and Level Annotations

Branches:
Dungeon (4/15)
 Temple: D:4-7

Altars:

Shops:
D:2 (   D:3 [

Annotations:
D:2 1 runed translucent door, Crazy Yiuf
D:4 1 transporter


Message History

The ufetubus barely misses you. The ufetubus closely misses you.
Casting: Blink (safe; 3% risk of failure)
Confirm with . or Enter, or press ? or * to list all spells.
You blink.
Magic courses through your body.
Aiming: Magic Dart (safe; 1% risk of failure)
Press: ? - help, Q - select action, (/) - cycle Shift-Dir - straight line, f - ufetubus
Aim: an ufetubus (ally target, 100% to hit)
The magic dart hits the ufetubus but does no damage.
The ufetubus barely misses you.
The ufetubus hits you but does no damage.
Your cerulean imp hits the ufetubus but does no damage.
The ufetubus misses you.
The ufetubus hits you but does no damage.
The hobgoblin closely misses you.
Aiming: Magic Dart (safe; 1% risk of failure)
Press: ? - help, Q - select action, (/) - cycle Shift-Dir - straight line, f/p - ufetubus
Aim: an ufetubus (ally target, 100% to hit)
The magic dart hits the ufetubus but does no damage.
You feel stable enough to blink again.
Your cerulean imp disappears in a puff of smoke!
The ufetubus hits you but does no damage.
The ufetubus closely misses you.
The hobgoblin hits you but does no damage.
Aiming: Magic Dart (safe; 1% risk of failure)
Press: ? - help, Q - select action, (/) - cycle Shift-Dir - straight line, f/p - ufetubus
Aim: an ufetubus (100% to hit)
The magic dart hits the ufetubus.
The ufetubus is severely wounded.
The ufetubus hits you but does no damage.
The ufetubus closely misses you. The ufetubus hits you.
* * * LOW HITPOINT WARNING * * *
The ufetubus hits you but does no damage.
The hobgoblin hits you.
* * * LOW HITPOINT WARNING * * *
Casting: Magic Dart (safe; 1% risk of failure)
Confirm with . or Enter, or press ? or * to list all spells.
You blink.
The ufetubus misses you. The ufetubus closely misses you.
The hobgoblin hits you.
You die...

### ### #ยง## . ##.## ###5g#
... ###...## #..@.####
...##......####......####
............)...........#
.............##.####....#
.............######....####
...............##.......#.#
..........................###
##.............##.###.......#
#.##..###.....##.###..##...##


You could see an ufetubus and a hobgoblin.

Vanquished Creatures
  Sigmund (D:3)
  A water moccasin (D:4)
  Jessica (D:2)
  5 adders
  2 worms (D:2)
  4 dart slugs
  4 orcs (D:3)
  A ball python (D:1)
  3 endoplasms
  5 giant cockroaches
  7 goblins
  8 hobgoblins
  6 jackals
  4 quokkas
  8 bats
  2 frilled lizards
  6 kobolds
  4 rats
72 creatures vanquished.

Vanquished Creatures (collateral kills)
  An orc (D:4)
1 creature vanquished.

Grand Total: 73 creatures vanquished

Notes
Turn   | Place    | Note
-------+----------+-------------------------------------------
     0 | D:1      | hashsling the Deep Elf Hedge Wizard began the quest for the
                  | Orb.
     0 | D:1      | Reached XP level 1. HP: 10/10 MP: 7/7
   187 | D:1      | Reached XP level 2. HP: 15/15 MP: 6/9
   189 | D:1      | Learned a level 1 spell: Slow
   192 | D:1      | Learned a level 2 spell: Blink
   913 | D:1      | Reached skill level 5 in Spellcasting
   913 | D:1      | Reached XP level 3. HP: 19/19 MP: 7/11
  1789 | D:2      | Found a faded altar of an unknown god.
  1962 | D:2      | Found Leovoe's Weapon Shop.
  1966 | D:2      | Reached XP level 4. HP: 24/24 MP: 10/13
  2141 | D:2      | Noticed Jessica
  2153 | D:2      | Killed Jessica
  2347 | D:2      | Found a runed translucent door.
  2348 | D:2      | Noticed Crazy Yiuf
  2727 | D:3      | Reached skill level 1 in Staves
  2740 | D:3      | Reached skill level 1 in Fighting
  2847 | D:3      | Noticed Sigmund
  2893 | D:3      | Identified the ring of Avaum {Wiz rC+}
  3080 | D:3      | Reached XP level 5. HP: 29/29 MP: 11/14
  3195 | D:3      | Found Qeiwerghai's Armour Boutique.
  3220 | D:3      | Learned a level 2 spell: Call Imp
  3255 | D:3      | Killed Sigmund
  3256 | D:3      | Reached XP level 6. HP: 34/35 MP: 6/15
  3448 | D:4      | Found a transporter.
  3621 | D:4      | Noticed a water moccasin
  3643 | D:4      | Killed a water moccasin
  3644 | D:4      | Reached skill level 1 in Hexes
  3663 | D:4      | Slain by a hobgoblin

Illustrated notes

Levels and vault maps discovered:
D:1:      zelgadis_glass_arrival_small, layout_basic
D:2:      layout_loops_ring, serial_shops, shop, ebering_ecumenical_altar_box,
          minmay_diced_spiral, uniq_jessica, uniq_crazy_yiuf_cottage
D:3:      layout_basic, serial_shops, nicolae_shop_pleasant_corner_grove,
          bh_walls_and_bars, uniq_sigmund
D:4:      layout_cave_pools, gammafunk_ghost_abyssal_escape

Skill      XL: |  1  2  3  4  5  6 |
---------------+-------------------+-----
Conjurations   | 2 3 4 |  4.1
Spellcasting   | 5 |  5.0
Staves         | 1 3 4 |  4.0
Fighting       | 1 2 |  2.1
Hexes          | 1 |  1.0
Dodging        | |  2.4
Stealth        | |  2.4
Summonings     | |  1.7
Translocations | |  1.7

Action                     |  1- 3 |  4- 6 || total
---------------------------+-------+-------++-------
  Melee: Dagger            |     7 |       ||     7
         Quarterstaff      |     1 |     2 ||     3
   Cast: Magic Dart        |   119 |    76 ||   195
         Blink             |     2 |     7 ||     9
         Slow              |       |     1 ||     1
         Call Imp          |       |     2 ||     2
    Use: Potion            |       |     1 ||     1
 Armour: Robe              |     1 |    26 ||    27
  Dodge: Dodged            |    30 |    47 ||    77

Table legend: (Time is in decaauts)
 A = Elapsed time spent in this place.
 B = Non-inter-level travel time spent in this place.
 C = Inter-level travel time spent in this place.
 D = Time resting spent in this place.
 E = Time spent auto-exploring this place.
 F = Levels seen in this place.
 G = Mean time per level.
                   A        B        C        D        E       F      G
               +--------+--------+--------+--------+--------+-----+--------+
         Total |   3663 |   3580 |     83 |      0 |   2936 |   4 |  915.8 |
       Dungeon |   3663 |   3580 |     83 |      0 |   2936 |   4 |  915.8 |
               +--------+--------+--------+--------+--------+-----+--------+

Top non-repeatable levels by time:
     D:1: 1432 daAuts
     D:2: 1280 daAuts
     D:3: 707 daAuts
     D:4: 242 daAuts
